cohdb
Replays
Latest Replays
All Replays
Popular Replays
Top Player Replays
Match Explorer
How It Works
Community
CoH3 Stats
Reddit
Sign in to upload your games and track your stats! →
Sign in with Steam
Match 33349059
Unlisted
Match 33349059
Overview
Messages
Build Orders
End
Kettenkrad Recon Vehicle
Construct Infanterie Kompanie
MG 42 Machine Gun Team
GrW 34 Mortar Team
MG 42 Machine Gun Team
Construct Panzergrenadier Kompanie
Panzergrenadier Squad
Construct Luftwaffe Kompanie
Panzergrenadier Officer Quarters
Jäger Squad
Medical Station
Jäger Squad
Support Elements
Panzergrenadier Squad
Wirbelwind Flakpanzer
Nebelwerfer 42 Rocket Launcher Team
Panzergrenadier Squad
Pioneer Squad
Selects Breakthrough Battlegroup
Selects Rapid Production
Selects Blitzkrieg
Selects Tiger Heavy Tank
TheSidekick
kurkipotku
Microsoft Office Excel
Microsoft Office Word
0
0
Comments
sign in to comment!
No comments posted yet!